 Dungeon Crawl Stone Soup version 0.29.0-3-gbb0933ed62 (webtiles) character file.

Game seed: 16889940833748158876

173 Iusername the Covered (level 5, -5/47 HPs)
             Began as a Minotaur Fighter on Aug 25, 2022.
             Was an Initiate of Dithmenos.
             Slain by a gnoll
             ... wielding a +2 vampiric spear
              (9 damage)
             ... on level 4 of the Dungeon.
             The game lasted 00:05:45 (4260 turns).

Iusername the Covered (Minotaur Fighter)            Turns: 4260, Time: 00:05:46

Health: -5/47      AC:  7    Str: 20    XL:     5   Next: 28%
Magic:  0/4        EV:  9    Int:  5    God:    Dithmenos [......]
Gold:   259        SH:  5    Dex: 12    Spells: 4/4 levels left

rFire   . . .      SeeInvis .   a - +0 flail
rCold   . . .      Faith    .   c - +0 buckler
rNeg    . . .      Spirit   +   b - +0 scale mail
rPois   .          Reflect  .   (helmet restricted)
rElec   .          Harm     .   (no cloak)
rCorr   .          Rampage  .   (no gloves)
Will    .....                   (no boots)
Stlth   ..........              j - amulet of guardian spirit
HPRegen 0.15/turn               (no ring)
MPRegen 0.09/turn               (no ring)

@: no status effects
A: horns 2, retaliatory headbutt
a: Renounce Religion


You were on level 4 of the Dungeon.
You worshipped Dithmenos.
Dithmenos was noncommittal.
You visited 2 branches of the dungeon, and saw 5 of its levels.

You collected 259 gold pieces.

Inventory:

Hand Weapons
 a - a +0 flail (weapon)
Armour
 b - a +0 scale mail (worn)
 c - a +0 buckler (worn)
Jewellery
 i - a ring of protection from cold
 j - an amulet of guardian spirit (around neck)
 o - a ring of willpower
 u - a ring of resist corrosion
Wands
 r - a wand of polymorph (10)
Scrolls
 d - 2 scrolls of silence {unknown}
 f - 5 scrolls of identify {unknown}
 g - a scroll of enchant armour {unknown}
 m - a scroll of blinking {unknown}
 n - a scroll of noise {unknown}
 p - a scroll of immolation {unknown}
 s - 2 scrolls of teleportation {unknown}
Potions
 e - 3 potions of magic {unknown}
 h - 3 potions of haste {unknown}
 k - a potion of berserk rage {unknown}
 l - a potion of curing {unknown}
 q - 2 potions of lignification {unknown}
 t - 2 potions of invisibility {unknown}


   Skills:
 + Level 4.4 Fighting
 + Level 4.6 Maces & Flails
 + Level 4.8 Armour
 + Level 0.5 Dodging
 + Level 4.2 Shields
 + Level 0.2 Unarmed Combat


You had 4 spell levels left.
You didn't know any spells.
Your spell library contained the following spells:

 Spells                   Type           Power      Damage    Failure   Level
 Magic Dart               Conj           0%         1d3       88%         1
 Searing Ray              Conj           0%         2d4       96%         2
 Sublimation of Blood     Necr           0%         N/A       96%         2
 Fulminant Prism          Conj/Hex       0%         3d6       100%        4
 Petrify                  Tmut/Erth      0%         N/A       100%        4
 Freezing Cloud           Conj/Ice/Air   0%         6-21      100%        5
 Irradiate                Conj/Tmut      0%         3d11      100%        5
 Simulacrum               Ice/Necr       0%         N/A       100%        6
 Polar Vortex             Ice            0%         N/A       100%        9


Dungeon Overview and Level Annotations

Branches:
Dungeon (4/15)             Temple (1/1) D:4

Altars:
Dithmenos
Elyvilon
Fedhas
Hepliaklqana
Kikubaaqudgha
Makhleb
Nemelex Xobeh
Okawaru
Uskayaw
Wu Jian
Xom
The Shining One


Innate Abilities, Weirdness & Mutations

You have a pair of horns on your head.
You reflexively headbutt those who attack you in melee.


Message History

Found 3 large rocks and a chain mail.
Found a stone staircase leading down.
You see here 3 large rocks.
u - a ring of resist corrosion A gnoll comes into view.
It is wielding a +0 spear.
Found an escape hatch in the floor.
A gnoll is nearby! 3 gnolls come into view.
A gnoll is wielding a +1 vampiric spear.
A gnoll is wielding a +2 vampiric spear.
The gnoll shouts! x3
You block the gnoll's attack.
The gnoll hits you from afar with a +1 vampiric spear.
The gnoll hits you but does no damage.
The gnoll hits you with a +2 vampiric spear.
You closely miss the gnoll. Your headbutt misses the gnoll.
The gnoll hits you with a +0 spear. The gnoll hits you but does no damage.
The gnoll hits you with a +0 spear. The gnoll barely misses you.
You completely miss the gnoll. You headbutt the gnoll.
The gnoll is heavily wounded.
The gnoll barely misses you. You block the gnoll's attack.
The gnoll misses you.
The gnoll hits you with a +2 vampiric spear!
You hit the gnoll but do no damage.
The gnoll is heavily wounded.
The gnoll hits you with a +0 spear. The gnoll barely misses you.
The gnoll hits you but does no damage.
The gnoll hits you with a +2 vampiric spear.
You hit the gnoll.
The gnoll is almost dead.
The gnoll hits you but does no damage.
The gnoll hits you from afar with a +1 vampiric spear!
The gnoll hits you with a +0 spear.
The gnoll hits you with a +2 vampiric spear!
* * * LOW HITPOINT WARNING * * *
The gnoll closely misses you.
The gnoll hits you with a +1 vampiric spear.
* * * LOW HITPOINT WARNING * * *
The gnoll hits you with a +0 spear.
* * * LOW HITPOINT WARNING * * *
The gnoll hits you with a +2 vampiric spear!
You die...

####........# #.##..
####...#.#...## #.####
########....#...##..# #.####
#.....##.#########..#####.....
#.###.##.# ######.......<.###
#.###.##.# #........#####.#
#.#[(....####.####.#.#####.#
#.#.#>#####.g...##...<..##.#
#.#.#.# #.g@g.####.##.##)#
#.....# #..g..# #.##.##[#
###.### #.....# #.......# #.#
#.....# ####.#### #.# #######
#.# #.# #.# #.###### #.#
#......# ##### #.# #..###.#
#...########.#


You could see 4 gnolls.

Vanquished Creatures
  Ijyb (D:3)
  An orc wizard (D:4)
  2 adders
  An ufetubus (D:4)
  2 worms
  2 dart slugs
  6 orcs
  6 endoplasms
  2 giant cockroaches
  8 goblins
  5 hobgoblins
  6 jackals
  9 kobolds
  A quokka (D:2)
  11 ball pythons
  6 bats
  2 frilled lizards
  7 rats
78 creatures vanquished.

Notes
Turn   | Place    | Note
-------+----------+-------------------------------------------
     0 | D:1      | Iusername the Minotaur Fighter began the quest for the Orb.
     0 | D:1      | Reached XP level 1. HP: 19/19 MP: 0/0
   168 | D:1      | Reached XP level 2. HP: 20/27 MP: 1/1
   609 | D:1      | Reached XP level 3. HP: 30/33 MP: 2/2
  1492 | D:2      | You fall into a shaft and drop 1 floor!
  1666 | D:3      | Reached XP level 4. HP: 40/40 MP: 3/3
  1931 | D:3      | Noticed Ijyb
  1955 | D:3      | Killed Ijyb
  2741 | D:3      | Found a faded altar of an unknown god.
  3017 | D:3      | Noticed a scorpion
  3353 | D:4      | Reached XP level 5. HP: 29/47 MP: 1/4
  3708 | D:4      | Found a staircase to the Ecumenical Temple.
  3715 | Temple   | Entered the Ecumenical Temple
  3758 | Temple   | Became a worshipper of Dithmenos the Shadowed
  4260 | D:4      | Slain by a gnoll

Illustrated notes

Levels and vault maps discovered:
D:1:      ebering_trefoil_twist, layout_basic
D:2:      layout_basic
D:3:      layout_basic, ebering_ecumenical_altar_sacrificial,
          lightli_corner_chamber, uniq_ijyb
D:4:      layout_loops_cross, lemuel_crystal_altar, temple_doors_e,
          nicolae_ossuary_entry_false_entrances
Temple:   nicolae_temple_bog_church

Skill      XL: |  1  2  3  4 |
---------------+-------------+-----
Armour         | 4 |  4.8
Shields        | 4 |  4.2
Fighting       | 4 |  4.4
Maces & Flails | 3 4 |  4.6
Dodging        | |  0.5
Unarmed Combat | |  0.2

Action                   |  1- 3 |  4- 6 || total
-------------------------+-------+-------++-------
Melee: Flail             |   113 |    63 ||   176
       Headbutt          |     8 |    10 ||    18
       Unarmed           |       |    19 ||    19
  Use: Potion            |       |     2 ||     2
Armor: Scale mail        |    60 |    24 ||    84
Dodge: Dodged            |    44 |    38 ||    82
Block: Buckler           |    27 |    11 ||    38
